 Dungeon Crawl Stone Soup version 0.30-a0-134-gb40fab5c76 (webtiles) character file.

Game seed: 2543258792059345805

395 Flugkiller the Chiller (level 7, -2/50 HPs)
             Began as a Meteoran Ice Elementalist on Sept 19, 2022.
             Killed from afar by a white imp (8 damage)
             ... with a puff of frost
             ... on level 5 of the Dungeon.
             The game lasted 00:05:36 (1215 turns).

Flugkiller the Chiller (Meteoran Ice Elementalist)  Turns: 1215, Time: 00:05:37

Health: -2/50      AC:  6    Str: 11      XL:     7   Next: 31%
Magic:  9/17       EV: 12    Int: 18      God:
Gold:   149        SH:  0    Dex: 13 (14) Spells: 14/18 levels left

rFire   . . .      SeeInvis .    g - +0 trident
rCold   . . .      Faith    .    (no shield)
rNeg    . . .      Spirit   .    a - +0 robe
rPois   .          Reflect  .    (no helmet)
rElec   .          Harm     .    r - +2 cloak {Will+}
rCorr   .          Rampage  .    x - +0 pair of gloves
Will    +....                    (no boots)
Stlth   +.........               (no amulet)
HPRegen 0.16/turn                (no ring)
MPRegen 0.15/turn                (no ring)

@: very slightly contaminated, glowing
A: sense surroundings 1, otherworldly, glowing, explore regen
a: no special abilities


You were on level 5 of the Dungeon.
You visited 1 branch of the dungeon, and saw 5 of its levels.
You also visited: Ossuary.

You collected 203 gold pieces.
You spent 54 gold pieces at shops.

Inventory:

Hand Weapons
 d - a +0 dagger
   (You took it off a kobold on level 1 of the Dungeon)
 g - a +0 trident (weapon)
   (You found it on level 1 of the Dungeon)
Armour
 a - a +0 robe (worn)
 r - a +2 cloak of willpower (worn)
   (You took it off Crazy Yiuf on level 4 of the Dungeon)
 x - a +0 pair of gloves (worn)
   (You found it on level 5 of the Dungeon)
Wands
 v - a wand of digging (6)
   (You found it on level 5 of the Dungeon)
Scrolls
 e - a scroll of enchant armour
 h - a scroll of fog
 k - 3 scrolls of poison
 o - 2 scrolls of magic mapping {unknown}
 s - a scroll of fear {unknown}
 t - a scroll of teleportation
 w - a scroll of enchant weapon {unknown}
 y - a scroll of vulnerability {unknown}
Potions
 b - a potion of magic
 c - 2 potions of degeneration
 f - 2 potions of might {unknown}
 i - a potion of lignification
 j - a potion of haste {unknown}
 l - a potion of attraction {unknown}
 m - 4 potions of heal wounds {unknown}
 n - a potion of resistance
 p - a potion of berserk rage {unknown}
 q - 4 potions of curing
 u - a potion of ambrosia {unknown}


   Skills:
 - Level 2.4 Dodging
 - Level 1.4 Stealth
 + Level 6.1 Spellcasting
 + Level 7.0 Ice Magic


You had 14 spell levels left.
You knew the following spells:

 Your Spells              Type           Power      Damage    Failure   Level
a - Freeze                Ice            100%       1d11      1%          1
b - Frozen Ramparts       Ice            60%        1d10      1%          3

Your spell library contained the following spells:

 Spells                   Type           Power      Damage    Failure   Level
 Ozocubu's Armour         Ice            30%        N/A       1%          3
 Hailstorm                Conj/Ice       18%        3d6       28%         4


Dungeon Overview and Level Annotations

Branches:
Dungeon (5/15) Zot: 2081  Ossuary (visited)
 Temple: D:4-7

Altars:
Cheibriados

Shops:
D:3 *

Annotations:
D:5 Sigmund


Innate Abilities, Weirdness & Mutations

You passively map a small area around you.
You are easily found by Zot.
You glow in the dark.
You regain HP and MP as you explore.


Message History

The black bear growls angrily.
You hear a shout! x2
A white imp comes into view.
The white imp shouts, "Quail, thou paunchy beef-witted wormtrail!"
You hear a shout!
A quokka comes into view.
The white imp grinds its teeth.
An orc comes into view. It is wielding a +0 short sword.
The black bear bites you. The black bear claws you.
The black bear barely misses you.
Casting: Freeze (safe; 1% risk of failure)
Confirm with . or Enter, or press ? or * to list all spells.
The walls around you are covered in ice.
The wall freezes the black bear.
The black bear bites you. The black bear barely misses you.
The black bear closely misses you.
You hit the black bear.
The black bear is lightly wounded.
The wall freezes the quokka.
The white imp completely resists.
The wall freezes the white imp but does no damage.
The wall freezes the black bear!
The black bear bites you but does no damage.
The black bear claws you.
The black bear claws you but does no damage.
Casting: Frozen Ramparts (dangerous; 2% risk of failure)
Confirm with . or Enter, or press ? or * to list all spells.
Aiming: Freeze (safe; 1% risk of failure)
Press: ? - help, Shift-Dir - straight line, f - quokka
Aim: a quokka (heavily wounded)
You freeze the quokka.
You kill the quokka!
The wall freezes the black bear!
The black bear goes berserk!
The white imp completely resists.
The wall freezes the white imp but does no damage.
The wall freezes the orc.
You have reached level 7!
Casting: Freeze (safe; 1% risk of failure)
Confirm with . or Enter, or press ? or * to list all spells.
Aiming: Freeze (safe; 1% risk of failure)
Press: ? - help, Shift-Dir - straight line, f - black bear
Aim: a black bear (severely wounded, berserk)
You freeze the black bear!
You kill the black bear!
The white imp completely resists.
The wall freezes the white imp but does no damage.
The white imp closely misses you.
You feel your dexterity returning.
Your Spellcasting skill increases to level 6!
Your Ice Magic skill increases to level 7!
You puncture the orc!
You kill the orc!
The white imp resists.
The wall freezes the white imp.
The white imp hits you. The white imp freezes you.
You hit the white imp.
The white imp is moderately wounded.
The white imp completely resists.
The wall freezes the white imp but does no damage.
The white imp hits you but does no damage.
You closely miss the white imp.
The white imp is moderately wounded.
The frozen ramparts melt away.
The white imp hits you but does no damage. x2
You closely miss the white imp.
The white imp is moderately wounded.
The white imp puffs mist at you.
The white imp hits you but does no damage.
You closely miss the white imp.
The white imp is moderately wounded.
The white imp hits you but does no damage.
An orc comes into view. It is wielding a +0 club.
Casting: Freeze (safe; 1% risk of failure)
Confirm with . or Enter, or press ? or * to list all spells.
You miscast Frozen Ramparts.
You are very lightly contaminated with residual magic.
Nothing appears to happen.
The orc shouts!
The white imp closely misses you.
You barely miss the white imp.
The white imp is moderately wounded.
The white imp gestures at you. The puff of frost hits you!
The white imp barely misses you.
You barely miss the white imp.
The white imp is moderately wounded.
The white imp gestures at you. The puff of frost hits you.
You barely miss the white imp.
The orc shouts!
Your punch misses the white imp.
The white imp is moderately wounded.
You hear a shout! x2
The white imp gestures at you. The puff of frost hits you!
* * * LOW HITPOINT WARNING * * *
The orc hits you but does no damage.
An orc comes into view. It is wielding a +0 dagger.
An orc comes into view. It is wielding a +0 club.
Unknown command.
Sigmund the Dreaded comes into view.
He is wielding a +0 scythe.
Sigmund shouts!
The white imp gestures at you. The puff of frost hits you!
You die...

##.##....##..#...........
##*##....##.##..........
##......##..........
*#......#..#.....
##......#..#.....
#................
#)o..ooo....####,
##.##.......## *
#@.5##..or...#
#...........##
#............#
##............o
#.............
#.........##.. #.....@..
#.....#.. ,


You could see Sigmund, a white imp and an orc.

Vanquished Creatures
  A black bear (D:5)
  A centaur (D:4)
  2 hounds
  Crazy Yiuf (D:4)
  An iguana (D:5)
  4 mummies (Ossuary)
  2 adders (D:4)
  2 adder zombies (Ossuary)
  A worm (D:2)
  An orc (D:5)
  3 bats
  2 endoplasms
  2 gnoll zombies (Ossuary)
  3 goblins
  4 hobgoblins
  3 kobolds
  4 quokkas
  3 jackal zombies (Ossuary)
  A kobold zombie (Ossuary)
  An orc zombie (Ossuary)
  A rat (D:1)
  3 rat zombies (Ossuary)
46 creatures vanquished.

Notes
Turn   | Place    | Note
-------+----------+-------------------------------------------
     0 | D:1      | Flugkiller the Meteoran Ice Elementalist began the quest
                  | for the Orb.
     0 | D:1      | Reached XP level 1. HP: 14/14 MP: 5/5
    82 | D:1      | Reached XP level 2. HP: 17/20 MP: 1/6
   285 | D:3      | Found Ynug's Assorted Antiques.
   290 | D:3      | Reached skill level 5 in Ice Magic
   291 | D:3      | Reached XP level 3. HP: 22/26 MP: 4/8
   296 | D:3      | Learned a level 3 spell: Frozen Ramparts
   302 | D:3      | Bought a scroll labelled GUUMAK FOVANO for 27 gold pieces
   302 | D:3      | Bought a scroll labelled QIPNIO YXYOFFY for 27 gold pieces
   514 | D:4      | Reached XP level 4. HP: 15/33 MP: 3/10
   609 | D:4      | Found a sand-covered staircase.
   616 | Ossuary  | Entered an ossuary
   641 | Ossuary  | Reached XP level 5. HP: 17/38 MP: 5/12
   753 | Ossuary  | Reached skill level 6 in Ice Magic
   948 | D:4      | Noticed a centaur
   957 | D:4      | Killed a centaur
   958 | D:4      | Reached skill level 5 in Spellcasting
   958 | D:4      | Reached XP level 6. HP: 22/45 MP: 9/14
   971 | D:4      | Found a runed translucent door.
   972 | D:4      | Noticed Crazy Yiuf
   978 | D:4      | Killed Crazy Yiuf
  1008 | D:5      | Entered Level 5 of the Dungeon
  1033 | D:5      | Found a snail-covered altar of Cheibriados.
  1193 | D:5      | Noticed a black bear
  1205 | D:5      | Reached XP level 7. HP: 33/50 MP: 11/16
  1206 | D:5      | Reached skill level 7 in Ice Magic
  1215 | D:5      | Noticed Sigmund
  1215 | D:5      | Killed from afar by a white imp

Illustrated notes

Levels and vault maps discovered:
D:1:      minmay_arrival_four_loops, layout_loops_ring, minmay_ruptured
D:2:      layout_loops_ring, minmay_tetromino_l4
D:3:      layout_basic, basic_ecumenical_altar, serial_shops, shop,
          kennysheep_flooded_box, uniq_grinder
D:4:      layout_basic, lightli_ossuary_entry_decrepit_ruins, st_stairs_14,
          reono_crystal_passage, uniq_blork_the_orc, uniq_crazy_yiuf_cottage,
          uniq_menkaure
D:5:      layout_cave_pools, kennysheep_little_box, uniq_sigmund

Skill      XL: |  1  2  3  4  5  6  7 |
---------------+----------------------+-----
Spellcasting   | 3 4 5 6 |  6.1
Ice Magic      | 5 6 7 |  7.0
Dodging        | |  2.4
Stealth        | |  1.4

Action                   |  1- 3 |  4- 6 |  7- 9 || total
-------------------------+-------+-------+-------++-------
Melee: Trident           |     1 |    32 |     8 ||    41
       Dagger            |     1 |       |       ||     1
       Unarmed           |       |     9 |       ||     9
 Cast: Freeze            |    33 |    26 |     1 ||    60
       Frozen Ramparts   |     1 |     8 |       ||     9
  Use: Scroll            |       |     5 |       ||     5
       Potion            |       |     4 |       ||     4
Armor: Robe              |     3 |    21 |     6 ||    30
       Skin              |       |     3 |       ||     3
Dodge: Dodged            |    15 |    56 |     3 ||    74

Table legend: (Time is in decaauts)
 A = Elapsed time spent in this place.
 B = Non-inter-level travel time spent in this place.
 C = Inter-level travel time spent in this place.
 D = Time resting spent in this place.
 E = Time spent auto-exploring this place.
 F = Levels seen in this place.
 G = Mean time per level.
                   A        B        C        D        E       F      G
               +--------+--------+--------+--------+--------+-----+--------+
         Total |   1224 |   1224 |      0 |      0 |      0 |   6 |  204.0 |
       Dungeon |    917 |    917 |      0 |      0 |      0 |   5 |  183.4 |
       Ossuary |    307 |    307 |      0 |      0 |      0 |   1 |  307.0 |
               +--------+--------+--------+--------+--------+-----+--------+

Top non-repeatable levels by time:
 Ossuary: 307 daAuts
     D:4: 285 daAuts
     D:1: 190 daAuts
     D:5: 187 daAuts
     D:3: 159 daAuts
     D:2: 94 daAuts
